 Dungeon Crawl Stone Soup version 0.30-a0-986-g7f2e898f52 (webtiles) character file.

Game seed: 12473220908555086137

5437 Lobster4 the Magician (level 10, -10/58 HPs)
             Began as a Deep Elf Summoner on Apr 1, 2023.
             Killed from afar by an efreet (30 damage)
             ... with a fireball
             ... on level 10 of the Dungeon.
             The game lasted 00:35:56 (12748 turns).

Lobster4 the Magician (Deep Elf Summoner)          Turns: 12748, Time: 00:35:57

Health: -10/58     AC:  8    Str:  7    XL:     10   Next: 41%
Magic:  19/23      EV: 15    Int: 23    God:
Gold:   361        SH:  0    Dex: 15    Spells: 6/24 levels left

rFire   . . .      SeeInvis .    l - +3 falchion (elec)
rCold   . . .      Faith    .    (no shield)
rNeg    . . .      Spirit   .    a - +0 robe
rPois   .          Reflect  .    c - +1 helmet
rElec   .          Rampage  .    (no cloak)
rCorr   .                        u - +0 pair of gloves
Will    +....                    f - +2 pair of boots
Stlth   ++                       (no amulet)
HPRegen 0.29/turn                (no ring)
MPRegen 0.18/turn                (no ring)

@: no status effects
A: no striking features
a: no special abilities


You were on level 10 of the Dungeon.
You visited 2 branches of the dungeon, and saw 11 of its levels.
You also visited: Sewer.

You collected 569 gold pieces.
You spent 208 gold pieces at shops.

Inventory:

Hand Weapons
 g - a +0 short sword
 l - a +3 falchion of electrocution (weapon)
 F - a +0 shortbow
 H - a +0 falchion of holy wrath
Missiles
 h - 5 boomerangs
 i - 6 curare-tipped darts
 j - 5 throwing nets
 G - 3 poisoned darts
Armour
 a - a +0 robe (worn)
 c - a +1 helmet (worn)
 f - a +2 pair of boots (worn)
 n - a +0 leather armour
 u - a +0 pair of gloves (worn)
 E - a +0 buckler
Wands
 m - a wand of digging (7)
 v - a wand of quicksilver (12)
 y - a wand of roots (7)
Scrolls
 d - a scroll of identify
 k - 2 scrolls of fear
 o - a scroll of torment {unknown}
 p - 5 scrolls of teleportation
 D - 2 scrolls of blinking
 I - 5 scrolls of magic mapping
Potions
 b - 2 potions of magic
 e - 3 potions of lignification
 q - 2 potions of mutation
 r - a potion of invisibility
 s - a potion of brilliance
 t - 2 potions of cancellation
 w - 3 potions of curing
 x - 6 potions of flight
 z - a potion of berserk rage
 A - 4 potions of heal wounds
 B - a potion of might
 C - a potion of haste {unknown}


   Skills:
 + Level 4.5 Fighting
 - Level 1.7(3.6) Short Blades
 + Level 4.6(4.7) Long Blades
 - Level 3.0 Throwing
 - Level 3.0 Armour
 + Level 7.1 Dodging
 - Level 3.0 Stealth
 + Level 0.3 Shields
 + Level 7.9 Spellcasting
 + Level 4.7 Hexes
 + Level 7.6 Summonings
 + Level 2.4 Translocations
 + Level 4.6 Air Magic
 - Level 3.0 Evocations


You had 6 spell levels left.
You knew the following spells:

 Your Spells              Type           Power      Damage    Failure   Level
a - Summon Small Mammal   Summ           100%       N/A       1%          1
b - Call Imp              Summ           44%        N/A       1%          2
c - Call Canine Familiar  Summ           44%        N/A       1%          3
d - Summon Lightning Spi  Summ/Air       37%        N/A       5%          4
e - Summon Guardian Gole  Hex/Summ       37%        N/A       1%          3
f - Blink                 Tloc           40%        N/A       3%          2
g - Swiftness             Air            30%        N/A       3%          3

Your spell library contained the following spells:

 Spells                   Type           Power      Damage    Failure   Level
 Shock                    Conj/Air       76%        1d7       2%          1
 Lesser Beckoning         Tloc           40%        N/A       3%          2
 Tukima's Dance           Hex            31%        N/A       3%          3
 Portal Projectile        Hex/Tloc       50%        N/A       4%          3
 Momentum Strike          Conj/Tloc      28%        3d8       6%          2
 Magic Dart               Conj           36%        1d4       7%          1
 Mephitic Cloud           Conj/Pois/Air  16%        N/A       11%         3
 Airstrike                Air            15%        2d(3-19)  11%         4
 Blade Hands              Tmut           4%         N/A       89%         5


Dungeon Overview and Level Annotations

Branches:
Dungeon (10/15)            Temple (1/1) D:5             Orc (0/2) D:9
  Sewer (visited)
   Lair: D:8-11

Altars:
Ashenzari
Cheibriados
Dithmenos
Fedhas
Gozag
Hepliaklqana
Kikubaaqudgha
Makhleb
Nemelex Xobeh
Okawaru
Qazlal
Ru
Sif Muna
Trog
Uskayaw
Wu Jian
Xom
Yredelemnul
Zin
The Shining One

Shops:
D:3 !   D:5 *   D:6 (

Annotations:
D:2 Natasha
D:6 exclusions: jelly and troll
D:9 3 runed translucent doors, exclusion: orange crystal statue
D:10 exclusion: efreet


Message History

Casting: Summon Small Mammal (safe; 1% risk of failure)
Confirm with . or Enter, or press ? or * to list all spells.
Your wolf disappears in a puff of smoke!
A fire dragon comes into view.
The orc wizard hits your white imp with a +0 dagger.
Your white imp gestures at the orc wizard.
The puff of frost hits the orc wizard.
Unknown command.
Casting: Summon Small Mammal (safe; 1% risk of failure)
Confirm with . or Enter, or press ? or * to list all spells.
The orc wizard hits your white imp but does no damage.
Your white imp gestures at the orc wizard.
The puff of frost hits the orc wizard.
Unknown command.
The orc misses you.
The orc hits your white imp with a +0 hand axe.
The orc misses your quokka.
The orc wizard points at your white imp and mumbles some strange words.
The puff of flame hits your white imp!!
Your white imp is burned terribly!
Your white imp dies!
Your white imp disappears in a puff of smoke!
The orc attacks as you move away! The orc misses you.
The orc hits your quokka with a +0 hand axe.
The efreet gestures at you.
The fireball explodes!
The fireball engulfs you!!
The fireball engulfs the orc!
The orc dies!
You hear a shout! x2; You hear a bellow! x2
A centaur warrior comes into view.
The centaur warrior wields a +0 shortbow.
The centaur warrior shoots an arrow.
The arrow hits your quokka!
Your quokka dies!
Your quokka's corpse disappears in a puff of smoke!
The efreet gestures at you.
The fireball explodes!
The fireball engulfs your quokka!!
Your quokka dies!
Your quokka's corpse disappears in a puff of smoke!
The fireball engulfs you!!
Ouch! That really hurt!
You die...

#... #....# # ##..#
#....# ## #.... #....#
#. ..###Rc######....#
## .......†§........#
# ..###...§.###....# #
#...#§)...#....#######
#...#§.#.##...........
#.# #@.#..#...........
## #.#####...........
..................
..........<........
#################...
#... #... #... #...


There were no monsters in sight!

Vanquished Creatures
  A wyvern (D:10)
  4 yaks
  2 sky beasts
  An ogre (D:6)
  A centaur (D:9)
  A phantom (D:5)
  2 bullfrogs (Sewer)
  A scorpion (D:5)
  A wight (D:7)
  A hound (D:4)
  2 orc priests
  A sleepcap (D:7)
  2 iguanas
  Natasha (D:2)
  3 gnolls
  An adder (Sewer)
  A river rat (Sewer)
  An ufetubus (D:5)
  A worm (D:3)
  A dart slug (D:1)
  7 orcs
  4 ball pythons
  An endoplasm (D:3)
  8 giant cockroaches
  4 goblins
  2 jackals (D:3)
  2 quokkas
  A bat (D:1)
  2 frilled lizards
  3 kobolds
  8 rats
71 creatures vanquished.

Vanquished Creatures (collateral kills)
  A hornet (D:9)
  9 yaks
  A wyvern (D:9)
  A water moccasin (D:6)
  2 orc warriors (D:9)
  A sky beast (D:6)
  2 hornet zombies (D:7)
  4 ogres
  2 centaurs
  3 bullfrogs
  A scorpion (D:6)
  2 wights (D:7)
  4 hounds
  A jelly (D:5)
  2 orc priests
  2 gnoll boudas
  2 iguanas
  4 orc wizards
  Natasha (twice) (D:2)
  7 gnolls
  9 adders
  3 river rats (Sewer)
  An ufetubus (D:5)
  A dart slug (D:3)
  26 orcs
  2 bats
  4 endoplasms
  A giant cockroach (D:1)
  2 goblins
  3 hobgoblins (D:2)
  4 jackals
  3 quokkas
  8 ball pythons
  5 frilled lizards
  2 kobolds
  13 rats
140 creatures vanquished.

Vanquished Creatures (others)
  An orc (D:10)
1 creature vanquished.

Grand Total: 212 creatures vanquished

Notes
Turn   | Place    | Note
-------+----------+-------------------------------------------
     0 | D:1      | Lobster4 the Deep Elf Summoner began the quest for the Orb.
     0 | D:1      | Reached XP level 1. HP: 10/10 MP: 6/6
   169 | D:1      | Reached XP level 2. HP: 13/16 MP: 5/8
   384 | D:1      | Learned a level 2 spell: Call Imp
   440 | D:1      | Found a faded altar of an unknown god.
   942 | D:2      | Reached XP level 3. HP: 20/20 MP: 4/9
   985 | D:2      | Found a broken altar of Ashenzari.
  1524 | D:2      | Reached skill level 1 in Fighting
  1608 | D:2      | Noticed Natasha
  1619 | D:2      | Killed Natasha
  1620 | D:2      | Reached skill level 1 in Short Blades
  1620 | D:2      | Reached XP level 4. HP: 24/25 MP: 5/11
  1921 | D:2      | Noticed Natasha
  1925 | D:2      | Reached skill level 1 in Armour
  1925 | D:2      | Killed Natasha
  2050 | D:3      | Found a glowing drain.
  2063 | Sewer    | Entered a sewer
  2100 | Sewer    | Reached XP level 5. HP: 15/29 MP: 7/12
  2270 | Sewer    | Reached skill level 5 in Summonings
  2331 | Sewer    | Reached skill level 1 in Long Blades
  2337 | Sewer    | Reached XP level 6. HP: 4/35 MP: 14/14
  2669 | D:3      | Learned a level 4 spell: Summon Lightning Spire
  2674 | D:3      | Found a shadowy altar of Dithmenos.
  3043 | D:3      | Found Vegeoh's Distillery.
  3053 | D:3      | Bought a potion of heal wounds for 60 gold pieces
  3200 | D:3      | Found a hazy altar of Hepliaklqana.
  3212 | D:3      | Found a blossoming altar of Fedhas.
  3568 | D:2      | Found a broken altar of Ashenzari.
  3639 | D:2      | Noticed Natasha
  3646 | D:2      | Killed Natasha
  3829 | D:4      | Found a stormy altar of Qazlal.
  4164 | D:4      | Found a shimmering altar of Xom.
  4317 | D:4      | Learned a level 3 spell: Call Canine Familiar
  4469 | D:4      | Found a glowing golden altar of the Shining One.
  4488 | D:4      | Reached skill level 1 in Throwing
  4488 | D:4      | Reached XP level 7. HP: 40/40 MP: 7/16
  4655 | D:5      | Entered Level 5 of the Dungeon
  4742 | D:5      | Reached skill level 1 in Air Magic
  4883 | D:5      | Reached skill level 1 in Evocations
  5263 | D:5      | Reached skill level 5 in Spellcasting
  5673 | D:5      | Found Bicoe's General Store.
  5676 | D:5      | Bought a scroll of blinking for 112 gold pieces
  5827 | D:5      | Found a staircase to the Ecumenical Temple.
  5831 | Temple   | Entered the Ecumenical Temple
  5918 | D:5      | Found a hide-covered altar of Uskayaw.
  6190 | D:5      | Reached XP level 8. HP: 31/45 MP: 3/17
  6778 | D:6      | Found Rynket's Antique Weapon Shoppe.
  6824 | D:6      | Reached skill level 5 in Dodging
  7442 | D:6      | Noticed a troll
  7783 | D:7      | Learned a level 3 spell: Summon Guardian Golem
  7978 | D:7      | Reached XP level 9. HP: 50/51 MP: 8/20
  8060 | D:7      | Reached skill level 1 in Hexes
  8234 | D:6      | Learned a level 2 spell: Blink
  8238 | D:6      | Learned a level 3 spell: Swiftness
  8958 | D:7      | Found a basalt altar of Yredelemnul.
  9862 | D:3      | Bought a potion of attraction for 36 gold pieces
 10604 | D:8      | Found a glowing silver altar of Zin.
 10691 | D:7      | Reached skill level 1 in Translocations
 10830 | D:8      | Found a sacrificial altar of Ru.
 11125 | D:8      | Reached XP level 10. HP: 39/57 MP: 12/23
 11402 | D:9      | Found a staircase to the Orcish Mines.
 11482 | D:9      | Noticed an orange crystal statue
 11546 | D:9      | Paralysed by a hornet for 1 turns
 12147 | D:9      | Found a runed translucent gate.
 12149 | D:9      | Found a runed translucent gate.
 12150 | D:9      | Found a runed translucent gate.
 12150 | D:9      | Noticed a white ugly thing
 12151 | D:9      | Noticed a purple ugly thing
 12151 | D:9      | Noticed a purple ugly thing
 12151 | D:9      | Noticed a green ugly thing
 12152 | D:9      | Noticed a cyan ugly thing
 12157 | D:9      | a slime creature changed into a wolf spider
 12157 | D:9      | Noticed a wolf spider (glowing shapeshifter)
 12159 | D:9      | a wolf spider changed into a shining eye
 12159 | D:9      | Noticed a shining eye (glowing shapeshifter)
 12170 | D:9      | Noticed a glowing orange brain
 12173 | D:9      | a glowing orange brain changed into a wolf spider
 12173 | D:9      | Noticed a wolf spider (glowing shapeshifter)
 12578 | D:10     | Entered Level 10 of the Dungeon
 12744 | D:10     | Noticed a fire dragon
 12748 | D:10     | Noticed a centaur warrior
 12748 | D:10     | Killed from afar by an efreet

Illustrated notes

Levels and vault maps discovered:
D:1:      tekkud_arrival_beachfront_property, layout_basic,
          shapermc_ecumenical_altar_petra, minmay_misc_feat_iff
D:2:      layout_basic, basic_altar, wad_orctagon, uniq_natasha
D:3:      layout_rooms, nicolae_dithmenos_through_a_glass_darkly,
          worldfamousw_hep_ancestral_shrine, fedhas_altar_4, serial_shops,
          nicolae_shop_statue_plus, gup_sewer_entry_pipe,
          minmay_misc_feat_enclosed, feat_on_display
D:4:      layout_gridville, tso_oasis_becter, nicolae_qazlal_scattered_showers,
          mainiacjoe_overflow_alcove_4, dk_noncrumbling_4, dk_rats_in_the_wall
D:5:      layout_loops_corners, nicolae_uskayaw_suspiria, temple_statues,
          serial_shops, kennysheep_mini
D:6:      minmay_chambers_of_fours, layout_loops_ring, serial_shops, shop
D:7:      layout_loops_corners, lemuel_zombie_altar_yredelemnul
D:8:      layout_loops_ring, mainiacjoe_overflow_alcove_1,
          nicolae_ru_great_annihilating_truth
D:9:      layout_grid_maze, orc_0_dummy,
          ploomutoo_gammafunk_ghost_potion_laboratory, minmay_protected_statue
D:10:     minmay_the_grid_net [minmay_the_grid_dragon_b,
          minmay_the_grid_small_cups, minmay_the_grid_minigrid_small,
          minmay_the_grid_spikes, minmay_the_grid_all_tris,
          minmay_the_grid_prize_four_corners], layout_irregular_city,
          elyvilon_altar_4, nicolae_overflow_crystal_walls, lair_entry_dummy,
          serial_shops, nicolae_shop_bloodbath_and_beyond, uniq_grum
Temple:   hellmonk_temple_rainy

Skill      XL: |  1  2  3  4  5  6  7  8  9 10 |
---------------+-------------------------------+-----
Stealth        | 3 |  3.0
Fighting       | 1 2 3 4 |  4.5
Short Blades   | 1 |  1.7
Dodging        | 3 4 5 6 7 |  7.1
Armour         | 1 2 3 |  3.0
Spellcasting   | 4 5 6 7 |  7.9
Summonings     | 5 6 7 |  7.6
Long Blades    | 1 2 3 4 |  4.6
Throwing       | 1 2 3 |  3.0
Air Magic      | 1 2 4 |  4.6
Evocations     | 1 3 |  3.0
Hexes          | 3 4 |  4.7
Translocations | 1 2 |  2.4
Shields        | |  0.3

Action                     |  1- 3 |  4- 6 |  7- 9 | 10-12 || total
---------------------------+-------+-------+-------+-------++-------
  Melee: Unarmed           |    12 |       |       |       ||    12
         Club              |     2 |       |       |       ||     2
         Short sword       |    17 |       |       |       ||    17
         Punch             |     1 |     1 |       |       ||     2
         Falchion          |     2 |    97 |    89 |    27 ||   215
  Throw: Dart              |       |       |     4 |       ||     4
   Cast: Summon Small Mamm |    44 |    51 |   126 |    21 ||   242
         Call Imp          |     7 |    17 |    53 |     8 ||    85
         Call Canine Famil |       |     1 |    64 |    11 ||    76
    Use: Scroll            |     4 |     5 |    14 |       ||    23
         Potion            |       |     1 |       |       ||     1
   Stab: Sleeping          |     1 |     5 |     4 |       ||    10
         Distracted        |       |     1 |     2 |     2 ||     5
         Paralysed         |       |       |     1 |       ||     1
 Armour: Robe              |    11 |    23 |    25 |    11 ||    70
         Skin              |       |    19 |       |       ||    19
  Dodge: Dodged            |    28 |    83 |    94 |    34 ||   239

Table legend: (Time is in decaauts)
 A = Elapsed time spent in this place.
 B = Non-inter-level travel time spent in this place.
 C = Inter-level travel time spent in this place.
 D = Time resting spent in this place.
 E = Time spent auto-exploring this place.
 F = Levels seen in this place.
 G = Mean time per level.
                   A        B        C        D        E       F      G
               +--------+--------+--------+--------+--------+-----+--------+
         Total |  12869 |  11912 |    957 |   1290 |   7959 |  12 | 1072.4 |
       Dungeon |  12211 |  11267 |    944 |   1106 |   7794 |  10 | 1221.1 |
        Temple |     27 |     14 |     13 |      0 |      9 |   1 |   27.0 |
         Sewer |    629 |    629 |      0 |    184 |    156 |   1 |  629.0 |
               +--------+--------+--------+--------+--------+-----+--------+

Top non-repeatable levels by time:
     D:6: 2001 daAuts
     D:5: 1802 daAuts
     D:7: 1707 daAuts
     D:2: 1607 daAuts
     D:9: 1301 daAuts
     D:4: 1083 daAuts
     D:8: 916 daAuts
     D:1: 842 daAuts
     D:3: 779 daAuts
   Sewer: 629 daAuts
    D:10: 170 daAuts
  Temple: 27 daAuts
